 Dungeon Crawl Stone Soup version 0.29.1-12-g30fa7ad0bf (webtiles) character file.

Game seed: 12725140356917316987

4377 xian the Skirmisher (level 10, -8/126 HPs)
             Began as a Green Draconian Berserker on Dec 27, 2022.
             Was a High Priest of Trog.
             Mangled by a ten-headed hydra (9 damage)
             ... on level 8 of the Dungeon.
             The game lasted 00:25:46 (8720 turns).

xian the Skirmisher (Green Draconian Berserker)     Turns: 8720, Time: 00:25:47

Health: -8/126     AC:  9    Str: 25    XL:     10   Next: 13%
Magic:  10/10      EV: 13    Int: 13    God:    Trog [*****.]
Gold:   421        SH:  5    Dex: 10    Spells: 9/9 levels left

rFire   + + .      SeeInvis .   w - +2 battleaxe of Intimidation {drain, rElec rPois rF+ rC+}
rCold   + . .      Faith    .   (shield currently unavailable)
rNeg    . . .      Spirit   .   (body armour unavailable)
rPois   +          Reflect  +   (helmet restricted)
rElec   +          Harm     .   s - +0 cloak
rCorr   .          Rampage  .   e - +0 pair of gloves
Will    .....                   (no boots)
Stlth   ..........              j - amulet "Wosih" {Reflect rC+ SH+5}
HPRegen 0.31/turn               c - ring of fire
MPRegen 0.12/turn               o - +6 ring of intelligence

@: berserking, very quick
A: breathe noxious fumes, AC +7, unfitting armour, poison resistance,
cold-blooded
a: Breathe Noxious Fumes, Renounce Religion, Berserk, Trog's Hand, Brothers in
Arms


You were on level 8 of the Dungeon.
You worshipped Trog.
Trog was extremely pleased with you.
You visited 2 branches of the dungeon, and saw 9 of its levels.
You also visited: Sewer.

You collected 421 gold pieces.

Inventory:

Hand Weapons
 q - the +5 sling of Dudoexuh {flame, Will+}
   (You found it on level 3 of the Dungeon)

   Any ammunition fired from it burns those it strikes, dealing additional fire
   damage.
   Will:      It increases your willpower.
 w - the +2 battleaxe of Intimidation (weapon) {drain, rElec rPois rF+ rC+}
   (You acquired it on level 6 of the Dungeon)

   A truly terrible weapon, it drains the life of any living foe it strikes.
   rF:        It protects you from fire.
   rC:        It protects you from cold.
   rElec:     It insulates you from electricity.
   rPois:     It protects you from poison.
Missiles
 i - 19 poisoned darts (quivered)
 E - a throwing net
Armour
 a - a +0 buckler
 e - a +0 pair of gloves (worn)
 s - a +0 cloak (worn)
Magical Staves
 F - a staff of conjuration
Jewellery
 c - a ring of fire (left hand)
 j - the amulet "Wosih" (around neck) {Reflect rC+ SH+5}
   (You acquired it on level 6 of the Dungeon)

   [amulet of reflection]

   It reflects blocked missile attacks.
   rC:        It protects you from cold.
   SH:        It affects your SH (+5).
 l - a ring of ice
 o - a +6 ring of intelligence (right hand)
 y - a +6 ring of intelligence
Wands
 k - a wand of flame (45)
 G - a wand of charming (11)
Scrolls
 g - a scroll of enchant armour
 m - a scroll of vulnerability
 n - 2 scrolls of enchant weapon
 r - 2 scrolls of teleportation
 x - 3 scrolls of immolation
 A - a scroll of blinking {unknown}
 B - a scroll of fog
 C - 2 scrolls of summoning {unknown}
Potions
 b - a potion of cancellation {unknown}
 d - 3 potions of might
 f - 2 potions of invisibility {unknown}
 h - 7 potions of curing
 p - a potion of degeneration {unknown}
 t - a potion of heal wounds
 u - a potion of brilliance {unknown}
 v - a potion of flight {unknown}
 z - a potion of haste {unknown}
 D - 2 potions of mutation {unknown}


   Skills:
 + Level 6.8 Fighting
 + Level 5.3 Axes
 + Level 10.6 Ranged Weapons
 + Level 5.1 Dodging
 + Level 2.9 Stealth
 + Level 1.1 Shields


You had 9 spell levels left.
You didn't know any spells.
Your spell library contained the following spells:

 Spells                   Type           Power      Damage    Failure   Level
 Ignite Poison            Fire/Tmut/Pois 0%         N/A       67%         3
 Mephitic Cloud           Conj/Pois/Air  0%         N/A       67%         3
 Ozocubu's Armour         Ice            0%         N/A       67%         3
 Freezing Cloud           Conj/Ice/Air   0%         6-21      100%        5
 Metabolic Englaciation   Hex/Ice        0%         N/A       100%        5
 Conjure Ball Lightning   Conj/Air       0%         3x3d6     100%        6
 Simulacrum               Ice/Necr       0%         N/A       100%        6
 Discord                  Hex            0%         N/A       100%        8
 Disjunction              Tloc           0%         N/A       100%        8


Dungeon Overview and Level Annotations

Branches:
Dungeon (8/15)             Temple (1/1) D:7           Sewer (visited)
   Lair: D:8-11

Altars:
Ashenzari
Cheibriados
Dithmenos
Fedhas
Gozag
Makhleb
Okawaru
Qazlal
Ru
Trog
Uskayaw
Vehumet
Wu Jian
Yredelemnul
Zin
The Shining One

Shops:
D:1 [


Innate Abilities, Weirdness & Mutations

You can breathe blasts of noxious fumes.
Your lurid green scales are hard. (AC +7)
You cannot fit into any form of body armour.
Your system is resistant to poisons. (rPois)
You are cold-blooded and may be slowed by cold attacks.


Message History

You block the troll's attack. The troll claws you.
The eight-headed hydra misses you. The eight-headed hydra bites you. x2
You block the eight-headed hydra's attack.
The eight-headed hydra bites you!
* * * LOW HITPOINT WARNING * * *
The eight-headed hydra misses you.
The eight-headed hydra barely misses you.
The eight-headed hydra closely misses you.
You slice one of the eight-headed hydra's heads off!
The seven-headed hydra grows two more!
You slash the nine-headed hydra! You drain the nine-headed hydra.
The nine-headed hydra is heavily wounded.
You slash the troll! You drain the troll. The troll bites you.
* * * LOW HITPOINT WARNING * * *
The troll barely misses you. You block the troll's attack.
The nine-headed hydra bites you but does no damage.
The nine-headed hydra bites you!
* * * LOW HITPOINT WARNING * * *
The nine-headed hydra bites you.
* * * LOW HITPOINT WARNING * * *
The nine-headed hydra bites you!
* * * LOW HITPOINT WARNING * * *
The nine-headed hydra bites you.
* * * LOW HITPOINT WARNING * * *
The nine-headed hydra closely misses you.
The nine-headed hydra bites you.
* * * LOW HITPOINT WARNING * * *
The nine-headed hydra bites you!
* * * LOW HITPOINT WARNING * * *
You block the nine-headed hydra's attack.
Unknown command.
You are too berserk!
You lop one of the nine-headed hydra's heads off!
The eight-headed hydra grows two more!
You slice the ten-headed hydra!!
The ten-headed hydra is severely wounded.
You completely miss the troll. The troll completely misses you.
The troll claws you.
* * * LOW HITPOINT WARNING * * *
The troll claws you but does no damage. The ten-headed hydra bites you!
You die...

....##.##.#..#..............#
..).##......#####.......##..#
......)......###........##...
...#.........#....##.........
...#..............##...#..
.#.#.......##..........#
..........###..........#
.....#.#.........#.....#
....###.........@D..####
#.####......##...T..P# ###
#.......#..##P....P.
##......#.## P.....♣
##..#.##. ..?.#[# ####.#..
..P## # #.. #### #.#


You could see a ten-headed hydra (drained) and a troll (drained).

Vanquished Creatures
  An orange demon (D:8)
  3 water moccasins
  2 ice beasts (D:5)
  An orc warrior (D:7)
  3 black bears (D:5)
  2 ogres
  2 phantoms
  A kobold brigand (D:7)
  2 gnoll sergeants
  2 scorpions
  2 bullfrogs (D:6)
  4 necrophages
  10 wights (D:8)
  A gnoll bouda (D:5)
  3 hounds
  3 jellies
  8 orc priests
  2 iguanas
  Ijyb (D:4)
  6 orc wizards
  5 adders
  27 gnolls
  2 river rats (Sewer)
  An ufetubus (D:5)
  6 worms
  A dart slug (D:3)
  30 orcs
  6 bats
  6 endoplasms
  6 giant cockroaches
  2 goblins
  10 hobgoblins
  3 quokkas
  8 ball pythons
  4 frilled lizards
  17 kobolds
  5 rats
198 creatures vanquished.

Vanquished Creatures (others)
  Amaemon (D:8)
  26 fungi (D:5)
  A plant (D:8)
28 creatures vanquished.

Grand Total: 226 creatures vanquished

Notes
Turn   | Place    | Note
-------+----------+-------------------------------------------
     0 | D:1      | xian the Draconian Berserker began the quest for the Orb.
     0 | D:1      | Reached XP level 1. HP: 19/19 MP: 1/1
    25 | D:1      | Found Diczych's Armour Boutique.
   163 | D:1      | Reached XP level 2. HP: 16/26 MP: 2/2
   772 | D:1      | Reached ** piety under Trog
   778 | D:1      | Found a faded altar of an unknown god.
  1124 | D:2      | Reached XP level 3. HP: 31/31 MP: 3/3
  2149 | D:3      | Identified the +5 sling of Dudoexuh {flame, Will+}
  2353 | D:3      | Reached XP level 4. HP: 38/38 MP: 4/4
  2504 | D:4      | Found a burning altar of Makhleb.
  2545 | D:4      | Noticed a phantom
  2557 | D:4      | Killed a phantom
  2558 | D:4      | Reached skill level 1 in Ranged Weapons
  2558 | D:4      | Reached skill level 1 in Stealth
  2558 | D:4      | Reached XP level 5. HP: 45/46 MP: 5/5
  2559 | D:4      | Noticed an ogre
  2569 | D:4      | Killed an ogre
  2909 | D:4      | Reached skill level 2 in Ranged Weapons
  2919 | D:4      | Found a glowing silver altar of Zin.
  3152 | D:4      | Reached XP level 6. HP: 52/52 MP: 6/6
  3346 | D:4      | Noticed Ijyb
  3356 | D:4      | Killed Ijyb
  3364 | D:4      | Reached skill level 3 in Ranged Weapons
  3719 | D:4      | Found a glowing golden altar of the Shining One.
  4172 | D:5      | Entered Level 5 of the Dungeon
  4199 | D:5      | Your scales start taking on a lurid green colour.
  4199 | D:5      | Reached XP level 7. HP: 59/59 MP: 7/7
  4199 | D:5      | Gained mutation: Your system is resistant to poisons.
                  | (rPois) [Green Draconian growth]
  4253 | D:5      | HP: 1/59 [ice beast (19)]
  4258 | D:5      | Reached skill level 4 in Ranged Weapons
  4729 | D:5      | Found a sacrificial altar of Ru.
  4777 | D:5      | Reached *** piety under Trog
  4854 | D:5      | Reached skill level 5 in Ranged Weapons
  4987 | D:5      | Reached XP level 8. HP: 64/67 MP: 8/8
  4994 | D:5      | Reached skill level 5 in Fighting
  4998 | D:5      | Found a bloodstained altar of Trog.
  5213 | D:5      | Reached skill level 6 in Ranged Weapons
  5417 | D:6      | Identified 2 scrolls of acquirement
  5417 | D:6      | Acquired the amulet "Wosih" {Reflect rC+ SH+5}
  5424 | D:6      | Acquired the +2 battleaxe of Intimidation {drain, rElec
                  | rPois rF+ rC+}
  5583 | D:6      | Reached skill level 7 in Ranged Weapons
  5769 | D:6      | Reached skill level 5 in Axes
  5786 | D:6      | Reached **** piety under Trog
  5892 | D:6      | Found a glowing drain.
  5903 | Sewer    | Entered a sewer
  6320 | D:6      | Reached XP level 9. HP: 74/74 MP: 9/9
  6327 | D:6      | Reached skill level 8 in Ranged Weapons
  7050 | D:7      | Reached skill level 9 in Ranged Weapons
  7177 | D:7      | Found a staircase to the Ecumenical Temple.
  7196 | Temple   | Entered the Ecumenical Temple
  7358 | D:7      | Found a shadowy altar of Dithmenos.
  7430 | D:7      | Reached ***** piety under Trog
  7565 | D:7      | Found an opulent altar of Gozag.
  8112 | D:8      | Reached skill level 1 in Shields
  8132 | D:8      | Reached skill level 10 in Ranged Weapons
  8384 | D:8      | Noticed Amaemon
  8412 | D:8      | Noticed an orange demon
  8427 | D:8      | Killed Amaemon
  8428 | D:8      | Reached skill level 5 in Dodging
  8428 | D:8      | Reached XP level 10. HP: 50/84 MP: 10/10
  8442 | D:8      | Killed an orange demon
  8704 | D:8      | Noticed a six-headed hydra
  8719 | D:8      | HP: 3/126 [nine-headed hydra (7)]
  8720 | D:8      | HP: 1/126 [troll (3)]
  8720 | D:8      | Mangled by a ten-headed hydra

Illustrated notes

Levels and vault maps discovered:
D:1:      grunt_arrival_lava_bath, layout_basic,
          chequers_ecumenical_altar_simple_redux, serial_shops, shop_statue,
          minmay_large_rounded_square
D:2:      layout_loops_ring, minivault_25
D:3:      layout_loops_ring
D:4:      layout_layer_cave, lemuel_crystal_altar,
          mainiacjoe_overflow_catwalk_spiral, serial_bayou_lagoon_b, uniq_ijyb
D:5:      layout_cave_pods, mainiacjoe_overflow_chevrons, trog_ov_bears_minmay
D:6:      layout_loops_ring, portal_sewer_entry_f
D:7:      layout_loops_ring, mainiacjoe_overflow_cross_hatched,
          nicolae_dithmenos_through_a_glass_darkly,
          minmay_temple_entry_gardened_gates
D:8:      layout_cave_pools, hellmonk_guarded_unrand_vines, uniq_amaemon,
          uniq_gastronok
Temple:   dpeg_chambers_temple

Skill      XL: |  1  2  3  4  5  6  7  8  9 |
---------------+----------------------------+-----
Dodging        | 3 4 5 |  5.1
Axes           | 4 5 |  5.3
Ranged Weapons | 1 2 3 5 7 10 | 10.6
Stealth        | 1 2 |  2.9
Fighting       | 4 5 6 |  6.8
Shields        | 1 |  1.1

Action                   |  1- 3 |  4- 6 |  7- 9 | 10-12 || total
-------------------------+-------+-------+-------+-------++-------
Melee: Hand axe          |   129 |     7 |     7 |       ||   143
       Tailslap          |    12 |     1 |     3 |       ||    16
       Punch             |       |     1 |       |       ||     1
       Battleaxe         |       |       |    25 |     8 ||    33
 Fire: Sling             |    18 |    66 |   425 |    16 ||   525
Invok: Berserk           |     1 |     1 |     1 |     1 ||     4
 Abil: Breathe Noxious F |       |       |    23 |     2 ||    25
  Use: Potion            |       |       |     2 |       ||     2
       Scroll            |       |       |    10 |       ||    10
 Stab: Sleeping          |     1 |       |       |       ||     1
Armor: Skin              |    59 |     9 |    62 |    11 ||   141
Dodge: Dodged            |    98 |    21 |   101 |    16 ||   236
Block: Other             |       |       |    29 |     7 ||    36
       Reflection        |       |       |       |     1 ||     1
